 Dungeon Crawl Stone Soup version 0.22.1-6-g1668fe2 (webtiles) character file.

61 Gingerlord the Skirmisher (level 3, -1/31 HPs)
             Began as a Draconian Skald on Jan 26, 2019.
             Slain by a worm (10 damage)
             ... on level 3 of the Dungeon.
             The game lasted 00:02:23 (1650 turns).

Gingerlord the Skirmisher (Draconian Skald)         Turns: 1650, Time: 00:02:23

Health: -1/31      AC:  6    Str: 12 (14) XL:     3   Next: 83%
Magic:  6/6        EV: 12    Int: 11 (13) God:
Gold:   71         SH:  0    Dex:  9 (10) Spells: 5/6 levels left

rFire    . . .     SeeInvis .   a - +0 falchion
rCold    . . .     Gourm    .   (no shield)
rNeg     . . .     Faith    .   (armour unavailable)
rPois    .         Spirit   .   (helmet restricted)
rElec    .         Reflect  .   (no cloak)
rCorr    .         Harm     .   k - +0 pair of gloves
MR       .....                  (no boots)
Stlth    +.........             (no amulet)
HPRegen  0.10/turn              (no ring)
MPRegen  0.10/turn              (no ring)

@: no status effects
A: unfitting armour, cold-blooded, AC +5
a: no special abilities


You were on level 3 of the Dungeon.
You were hungry.

You visited 1 branch of the dungeon, and saw 3 of its levels.

You collected 71 gold pieces.

Inventory:

Hand Weapons
 a - a +0 falchion (weapon)
Armour
 k - a +0 pair of gloves (worn)
Jewellery
 g - a +4 ring of strength {unknown}
Scrolls
 d - a scroll of enchant armour {unknown}
 f - a scroll of noise {unknown}
 h - 2 scrolls of remove curse {unknown}
 j - a scroll of blinking {unknown}
 l - a scroll of teleportation {unknown}
 m - a scroll of fog {unknown}
Potions
 b - a potion of degeneration
 o - a potion of magic {unknown}
Comestibles
 c - 4 rations


   Skills:
 + Level 3.1 Fighting
 + Level 2.9 Long Blades
 + Level 2.9 Dodging
 - Level 2.0 Spellcasting
 - Level 2.6 Charms


You had 5 spell levels left.
You knew the following spells:

 Your Spells              Type           Power        Failure   Level  Hunger
a - Infusion              Chrm           #...         10%         1    ##.....

Your spell library contained the following spells:

 Spells                   Type           Power        Failure   Level  Hunger
 Song of Slaying          Chrm           #.......     14%         2    ###....
 Shroud of Golubria       Chrm/Tloc      #.........   26%         2    ###....
 Regeneration             Chrm/Necr      #.........   45%         3    ####...
 Spectral Weapon          Hex/Chrm       #.......     45%         3    ####...


Dungeon Overview and Level Annotations

Branches:
Dungeon (3/15)

Altars:
Nemelex Xobeh


Innate Abilities, Weirdness & Mutations

Your plain brown scales are hard. (AC +5)
You cannot fit into any form of body armour.
You are cold-blooded and may be slowed by cold attacks.


Message History

You hit the worm.
The worm is severely wounded.
You feel less wooden.
Your +0 pair of gloves unmelds from your body.
You hit the worm.
The worm is almost dead.
The worm closely misses you.
You barely miss the worm.
The worm is severely wounded.
The worm bites you!
* * * LOW HITPOINT WARNING * * *
You completely miss the worm.
The worm is severely wounded.
You hit the worm.
The worm is almost dead.
The worm bites you but does no damage.
You barely miss the worm.
The worm is almost dead.
The worm bites you!
You die...

.. .. #. .#
##.##.# ? #
#.%...# ....
#..#..
#...##....
##.......#
#...##..[#####
#.....ow@..#
####..g###....#
# ##.....#
##..#
#.##%...#.# .
#.......#.###
####..#....[###
##....>.......
##......(...$#
#....<......$#


You could see a worm, an orc and a goblin.

Vanquished Creatures
  2 adders (D:3)
  2 worms (D:2)
  A leopard gecko (D:1)
  A giant cockroach (D:1)
  5 goblins
  6 hobgoblins
  A ball python (D:3)
  4 bats
  2 frilled lizards (D:1)
  7 kobolds
  9 rats
40 creatures vanquished.

Notes
Turn   | Place    | Note
-------+----------+-------------------------------------------
     0 | D:1      | Gingerlord the Draconian Skald began the quest for the Orb.
     0 | D:1      | Reached XP level 1. HP: 17/17 MP: 3/3
   261 | D:1      | Reached XP level 2. HP: 19/25 MP: 5/5
   307 | D:1      | Found a sparkling altar of Nemelex Xobeh.
  1016 | D:2      | Reached XP level 3. HP: 30/30 MP: 6/6
  1400 | D:2      | Reached skill level 3 in Fighting
  1650 | D:3      | Slain by a worm

Skill      XL: |  1  2  3 |
---------------+----------+-----
Fighting       | 3 |  3.1
Long Blades    | |  2.9
Dodging        | |  2.9
Spellcasting   | |  2.0
Charms         | |  2.6

Action                   || total
-------------------------++-------
Melee: Falchion          ||   132
       Tailslap          ||    16
  Use: Potion            ||     3
 Stab: Sleeping          ||     1
  Eat: Chunk             ||     2
Armor: Skin              ||    67
Dodge: Dodged            ||    71
       Rpst.: Falchion   ||    16
